 Dungeon Crawl Stone Soup version 0.29.1-12-g30fa7ad0bf (webtiles) character file.

Game seed: 10820236398269779644

427271 NerdRage255 the Slayer (level 22, -6/153 (155) HPs)
             Began as a Minotaur Berserker on Dec 21, 2022.
             Was a High Priest of Trog.
             Killed from afar by an orb of fire (9 damage)
             ... with a bolt of fire
             ... on level 4 of the Realm of Zot on Dec 22, 2022.
             The game lasted 03:27:55 (57320 turns).

NerdRage255 the Slayer (Minotaur Berserker)        Turns: 57320, Time: 03:27:56

HP:   -6/153 (155)  AC: 38    Str: 43    XL:     22   Next: 45%
MP:   0/37          EV: 18    Int: 11    God:    Trog [*****.]
Gold: 2788          SH: 23    Dex: 18    Spells: 21/21 levels left

rFire   + . .      SeeInvis +   a - +10 war axe of Lish {spect, rElec rF+ Int+2}
rCold   + + .      Faith    .   p - +2 tower shield of the Salmon {Str+8 Slay+3}
rNeg    + . .      Spirit   +   C - +1 gold dragon scales
rPois   +          Reflect  .   s - +3 hat of Pondering {ponderous, Will+ MP+10 Int+5}
rElec   +          Harm     .   U - +2 cloak of Plasticity {*Slow rN+ Str+6 SInv}
rCorr   +          Rampage  .   l - +2 pair of gloves "Hyrgh" {Will+ rCorr}
Will    +++..      Rage     3%  A - +2 pair of boots
Stlth   ..........              B - amulet of Xirph {Spirit MP+9 Slay+2}
HPRegen 0.35/turn               K - +6 ring of dexterity
MPRegen 0.25/turn               F - ring of ice

@: on berserk cooldown, slowed, lightly drained, unable to read, unable to
drink, very slow
A: horns 2, retaliatory headbutt, berserk 1, frail 3, low MP 1, weak 1, subdued
magic 2, inability to drink after injury 1, inability to read after injury 1
}: 3/15 runes: barnacled, abyssal, gossamer
a: Renounce Religion, Berserk, Trog's Hand, Brothers in Arms


You were on level 4 of the Realm of Zot.
You worshipped Trog.
Trog was extremely pleased with you.
You visited 6 branches of the dungeon, and saw 37 of its levels.
You visited the Abyss 1 time.
You also visited: Bailey, Gauntlet and Ice Cave.

You collected 3556 gold pieces.
You spent 768 gold pieces at shops.

Inventory:

Hand Weapons
 a - the +10 war axe of Lish (weapon) {spect, rElec rF+ Int+2}
   (You found it on level 5 of the Dungeon)

   When its wielder attacks, the weapon's spirit leaps out and strikes again.
   The spirit shares a part of any damage it takes with its wielder.
   Int:       It affects your intelligence (+2).
   rF:        It protects you from fire.
   rElec:     It insulates you from electricity.
 n - the +3 triple crossbow of the Spectre {elec, +Blink rPois rF++ Will-}
   (You found it on level 11 of the Dungeon)

   Any ammunition fired from it occasionally discharges a powerful burst of
   electricity upon striking a foe.
   rF:        It greatly protects you from fire.
   rPois:     It protects you from poison.
   +Blink:    It lets you blink.
   Will:      It decreases your willpower.
 v - a +3 flail of electrocution
 X - a +10 antimagic broad axe
Armour
 l - the +2 pair of gloves "Hyrgh" (worn) {Will+ rCorr}
   (You acquired it on level 3 of the Spider Nest)

   rCorr:     It protects you from acid and corrosion.
   Will:      It increases your willpower.
 p - the +2 tower shield of the Salmon (worn) {Str+8 Slay+3}
   (You took it off a daeva on level 3 of the Abyss)

   Str:       It affects your strength (+8).
   Slay:      It affects your accuracy & damage with ranged weapons and melee
   (+3).
 s - the +3 hat of Pondering (worn) {ponderous, Will+ MP+10 Int+5}
   (You found it on level 2 of the Dungeon)

   Int:       It affects your intelligence (+5).
   MP:        It affects your magic capacity (+10).
   Will:      It increases your willpower.
 A - a +2 pair of boots (worn)
 C - +1 gold dragon scales (worn)
 U - the +2 cloak of Plasticity (worn) {*Slow rN+ Str+6 SInv}
   (You found it in a Gauntlet)

   Str:       It affects your strength (+6).
   rN:        It protects you from negative energy.
   SInv:      It lets you see invisible.
   *Slow:     It may slow you when you take damage.
Jewellery
 b - a ring of resist corrosion
 d - a +6 ring of intelligence
 f - a ring of positive energy
 h - the ring "Wuyrairu" {Contam rN++ Will+ Dex+4}
   (You took it off a merfolk siren on level 4 of the Shoals)

   [ring of willpower]

   Dex:       It affects your dexterity (+4).
   rN:        It greatly protects you from negative energy.
   Contam:    It causes magical contamination when unequipped.
   Will:      It increases your willpower.
 i - a ring of willpower
 w - an amulet of reflection
 B - the amulet of Xirph (around neck) {Spirit MP+9 Slay+2}
   (You acquired it on level 3 of the Spider Nest)

   [amulet of guardian spirit]

   It causes incoming damage to be divided between your reserves of health and
   magic.
   Slay:      It affects your accuracy & damage with ranged weapons and melee
   (+2).
   MP:        It affects your magic capacity (+9).
 D - a ring of see invisible
 F - a ring of ice (right hand)
 J - a ring of protection from fire
 K - a +6 ring of dexterity (left hand)
 O - a +4 ring of protection
 R - a ring of poison resistance
Wands
 r - a wand of digging (2)
 I - a wand of polymorph (26)
 L - a wand of flame (37) (quivered)
 N - a wand of paralysis (39)
 P - a wand of iceblast (24)
 S - a wand of mindburst (33)
 V - a wand of quicksilver (13)
Scrolls
 c - 16 scrolls of teleportation
 j - 5 scrolls of magic mapping
 m - 4 scrolls of enchant weapon
 t - 10 scrolls of fog
 y - a scroll of blinking
 H - 5 scrolls of summoning
 M - 2 scrolls of silence
 W - 4 scrolls of fear
Potions
 e - 6 potions of resistance
 g - 16 potions of curing
 k - 3 potions of heal wounds
 o - 8 potions of haste
 u - 6 potions of might
 x - 8 potions of cancellation
 z - 5 potions of invisibility
 E - 6 potions of flight
 G - 3 potions of berserk rage
 Z - 17 potions of ambrosia
Miscellaneous
 T - a phial of floods
 Y - a condenser vane


   Skills:
 * Level 24.0 Fighting
 - Level 23.1 Axes
 * Level 20.2 Armour
 * Level 20.8 Dodging
 * Level 17.2 Shields
 + Level 13.5 Evocations


You had 21 spell levels left.
You didn't know any spells.
Your spell library was empty.

Dungeon Overview and Level Annotations

Branches:
Dungeon (15/15)            Temple (0/1) D:4            Lair (5/5) D:9
 Shoals (4/4) Lair:2       Spider (4/4) Lair:3        Slime (0/5) Lair:4
    Orc (0/2) D:10         Vaults (0/5) D:13         Depths (4/4) D:15
    Zot (5/5) Depths:4     Bailey (visited)           IceCv (visited)
Gauntlet (visited)

Altars:
Cheibriados
Dithmenos
Fedhas
Gozag
Nemelex Xobeh
Okawaru
Qazlal
Uskayaw
Vehumet
Wu Jian
Yredelemnul

Shops:
D:3 *   D:4 [   D:9 =*   D:11 ?   Shoals:1 !   Shoals:3 *(

Portals:
Hell: Depths:1 Depths:2 Depths:3 Depths:4
Abyss: Depths:1 Depths:3
Pandemonium: Depths:2
Ziggurat: Depths:4


Innate Abilities, Weirdness & Mutations

You have a pair of horns on your head.
You reflexively headbutt those who attack you in melee.
You sometimes lose your temper in combat.
You are extremely frail. (-30% HP)
Your magical capacity is low. (-10% MP)
You are weak. (Str -2)
Your spells are easier to cast, but less powerful.
You occasionally lose the ability to drink potions when taking damage.
You occasionally lose the ability to read scrolls when taking damage.


Message History

You cannot drink potions in your current state!
Your iron troll goes berserk!
The ancient lich barely misses you. x2
The orb of fire glows red.
The bolt of fire hits you!! You resist.
* * * LOW HITPOINT WARNING * * *
The ancient lich touches you but does no damage.
You hit the orb of fire. You headbutt the orb of fire.
The orb of fire is lightly damaged.
You hit the ancient lich but do no damage.
Your +10 war axe of Lish {spect, rElec rF+ Int+2} hits the ancient lich!
Your +10 war axe of Lish {spect, rElec rF+ Int+2} hits the orb of fire!
The ancient lich touches you but does no damage.
The orb of fire glows bright magenta.
The bolt of fire misses you.
Your iron troll bites the orb of fire but does no damage.
Your iron troll misses the orb of fire. x2
You block the ancient lich's attack.
You slice the orb of fire!!
You headbutt the orb of fire, but do no damage.
The orb of fire is moderately damaged.
You hit the ancient lich.
Your +10 war axe of Lish {spect, rElec rF+ Int+2} hits the ancient lich.
Your +10 war axe of Lish {spect, rElec rF+ Int+2} hits the orb of fire!
The ancient lich is no longer moving quickly.
You block the ancient lich's attack.
Your iron troll bites the orb of fire.
Your iron troll claws the orb of fire!
Your iron troll claws the orb of fire.
The ancient lich misses you. You furiously retaliate!
You headbutt the ancient lich.
Your iron troll closely misses the orb of fire.
Your iron troll barely misses the orb of fire.
Your iron troll closely misses the orb of fire.
You closely miss the orb of fire.
The orb of fire is heavily damaged.
You hit the ancient lich but do no damage.
Your +10 war axe of Lish {spect, rElec rF+ Int+2} closely misses the ancient lich.
Your +10 war axe of Lish {spect, rElec rF+ Int+2} barely misses the orb of fire.
The orb of fire emits a lurid red light.
The bolt of fire hits you! You resist.
You die...

..# ##.....##
##......).... ..#
##...#..)##
##...###..#### .[#
#...###.<.###...##
#..# ..# #..##
##..)#...## #..#
..# #..# ##.[...##
#..# ..# #..#
##...## #.<# ..#
#..# #.T.##
#..#### ..# #..#
#*L## ##...).. ..#
#..# #@(#
##...>[..
..######..# #..#
##...####.
..........# #..#
#...## ##
..........# #..#
#..## #
..######..# #..#
#..# ..# #..# #..#
#..# [[#
#..######..# #..##
# ..# #..........#
#...## ## ..#
#..........#
##...####.


You could see an orb of fire (ally target), an ancient lich (invisible), a
friendly iron troll (summoned, berserk) and a friendly +10 war axe of Lish
{spect, rElec rF+ Int+2} (summoned).

Vanquished Creatures
  7 orbs of fire
  An ancient lich (Zot:5)
  A juggernaut (Depths:3)
  A Killer Klown (Zot:5)
  A curse toe (Zot:4)
  7 golden dragons
  Nikola (Spider:3)
  A bone dragon (Depths:3)
  Arachne (Spider:2)
  9 Orb Guardians (Zot:5)
  Asterion (Spider:4)
  12 tentacled monstrosities
  2 liches (Depths:2)
  A walking earthen tome (Depths:3)
  11 quicksilver dragons
  7 death cobs
  Kirke (Lair:4)
  Agnes (D:15)
  Gastronok (D:11)
  3 draconian monks
  2 sphinxes (Depths:1)
  3 shadow dragons
  A tengu reaver (Depths:2)
  15 storm dragons
  Donald (Shoals:3)
  4 fire giants
  A daeva (Abyss:3)
  6 frost giants
  5 draconian knights
  Aizul (Shoals:1)
  11 draconian scorchers
  9 ghost moths
  A spectral juggernaut (Depths:1)
  5 emperor scorpions
  2 broodmothers
  4 draconian stormcallers
  5 draconian shifters
  5 draconian annihilators
  A spriggan defender (Depths:3)
  3 reapers
  10 stone giants
  7 green draconians
  15 very ugly things
  3 demonspawn black suns
  2 vampire knights (Depths:3)
  4 entropy weavers
  A minotaur (Shoals:1)
  5 black draconians
  5 white draconians
  9 yellow draconians
  13 purple draconians
  8 red draconians
  11 spark wasps
  A blizzard demon (Abyss:3)
  3 ettins
  Josephine (Lair:4)
  6 merfolk javelineers
  4 merfolk impalers
  3 fire dragons
  5 vault guards
  2 rakshasas (Depths:3)
  A jorogumo (Spider:3)
  10 ice dragons
  7 boulder beetles
  A hell beast (Depths:1)
  3 hydras
  Harold (Lair:2)
  3 radroaches
  2 alligator snapping turtles
  3 spriggan air magi
  6 centaur warriors
  2 satyrs
  10 two-headed ogres
  An ogre mage (D:15)
  A tengu warrior (Depths:3)
  5 merfolk aquamancers
  2 merfolk avatars
  2 catoblepae
  6 deep troll earth magi
  A thrashing horror (Abyss:3)
  2 deep troll shamans
  18 death yaks
  A hell hog (Depths:1)
  2 vampire magi
  A death scarab (Spider:3)
  3 spriggan berserkers
  2 soul eaters (Depths:1)
  4 sun demons (Depths:1)
  18 hell knights
  Amaemon (D:8)
  A wretched star (Abyss:3)
  5 skeletal warriors (D:15)
  3 iron trolls
  10 orb spiders
  9 pharaoh ants
  2 spatial maelstroms (Abyss:3)
  10 deep trolls
  7 sea snakes
  An obsidian statue (IceCv)
  A bog body (IceCv)
  3 glowing orange brains (Depths:1)
  2 wizards
  7 steelbarb worms
  An orange crystal statue (IceCv)
  6 spriggan simulacra
  2 starcursed masses (Abyss:3)
  A lindwurm (Lair:5)
  A wolf spider zombie (D:15)
  An orc knight (D:15)
  5 harpies
  4 deep elf pyromancers
  2 phantasmal warriors (Depths:3)
  15 wolf spiders
  An orc sorcerer (D:15)
  10 fauns
  2 necromancers
  12 ugly things
  13 manticores
  2 draconians (Abyss:3)
  4 cyclopes
  29 moths of wrath
  A worldbinder (Abyss:3)
  An iron dragon skeleton (Depths:1)
  7 merfolk sirens
  12 elephants
  15 black mambas
  8 water nymphs
  A guardian serpent (Lair:5)
  3 torpor snails
  3 smoke demons (Depths:1)
  2 gargoyles
  An apocalypse crab (Abyss:3)
  13 cane toads
  2 centaur skeletons (D:15)
  2 orange demons
  An unseen horror (D:12)
  6 rime drakes
  9 freezing wraiths (IceCv)
  8 komodo dragons
  11 demonic crawlers
  2 anaconda simulacra (IceCv)
  3 ice devils (IceCv)
  2 tengu conjurers
  6 meliai
  A queen bee (D:13)
  A troll (shapeshifter) (D:10)
  2 polar bears
  7 trolls
  Prince Ribbit (Bailey)
  16 merfolk
  17 wind drakes
  11 hornets
  3 raiju (Abyss:3)
  A wolf spider simulacrum (D:15)
  24 tarantellas
  20 blink frogs
  15 slime creatures
  6 dream sheep (Lair:3)
  An ettin zombie (Depths:1)
  A frost giant simulacrum (Depths:1)
  4 large abominations
  6 air elementals (Shoals:4)
  12 snapping turtles
  3 spriggans
  23 jumping spiders
  2 shadows (D:10)
  A centaur simulacrum (D:15)
  25 culicivoras
  17 water elementals
  Sigmund (D:6)
  14 wyverns
  53 yaks
  A dire elephant simulacrum (IceCv)
  16 humans
  A hog (Lair:4)
  7 wraiths
  A steam dragon (D:7)
  9 vampire mosquitoes
  44 redbacks
  8 minotaur simulacra
  2 wargs (D:9)
  13 water moccasins
  2 acid dragons
  A floating eye (Depths:1)
  Duvessa (D:6)
  4 ice beasts
  7 orc warriors
  2 sky beasts (D:7)
  4 alligator simulacra (IceCv)
  2 black bears
  6 ogres
  6 wolves
  19 centaurs
  6 kobold brigands
  36 bullfrogs
  3 necrophages
  5 gnoll sergeants
  8 scorpions
  4 deep troll simulacra
  9 wights
  A glowing shapeshifter simulacrum (Depths:1)
  Dowan (D:6)
  7 small abominations
  16 killer bees
  3 howler monkeys
  3 electric eels
  10 hounds
  An iron imp (Abyss:3)
  2 jellies (D:7)
  An orc priest (D:3)
  2 gnoll boudas
  4 iguanas
  12 orc wizards
  A boggart skeleton (D:15)
  7 hell rats (Lair:5)
  A statue (D:13)
  31 gnolls
  3 adders
  2 white imps (D:7)
  4 ufetubi
  4 dart slugs
  37 orcs
  3 bats
  11 endoplasms
  5 giant cockroaches
  13 goblins
  6 hobgoblins
  2 jackals (D:9)
  14 kobolds
  A quokka (D:3)
  5 ball pythons
  6 frilled lizards
  6 rats
  A lurking horror (Abyss:3)
  3 plants
1427 creatures vanquished.

Vanquished Creatures (collateral kills)
  A curse toe (Zot:3)
  Rupert (D:15)
  Jorgrun (D:15)
  A titan (Depths:3)
  Polyphemus (Shoals:3)
  A spriggan defender (Depths:3)
  A broodmother (Spider:3)
  A draconian stormcaller (Zot:2)
  A stone giant (Depths:2)
  A spark wasp (Spider:4)
  A minotaur (Gauntlet)
  A merfolk avatar (Shoals:3)
  2 ice dragons (Depths:2)
  A satyr (Shoals:3)
  A death yak (Shoals:3)
  An iron troll (Depths:3)
  A pharaoh ant (Spider:2)
  A wretched star (Abyss:3)
  A sea snake (Shoals:3)
  A glowing orange brain (Depths:2)
  An orb spider (Spider:2)
  A shining eye (Abyss:3)
  2 wolf spiders
  2 draconians (Abyss:3)
  A manticore (Shoals:4)
  2 torpor snails
  A merfolk (Shoals:4)
  3 hornets
  2 tarantellas
  A snapping turtle (Shoals:4)
  A jumping spider (Spider:3)
  A spriggan (Depths:3)
  An air elemental (Shoals:4)
  A water elemental (Shoals:4)
  7 redbacks
  A spatial vortex (Abyss:3)
  10 killer bees (D:13)
59 creatures vanquished.

Vanquished Creatures (others)
  A merfolk aquamancer (Shoals:4)
  A redback (Spider:4)
  A centaur (D:13)
  29 fungi
  2 lurking horrors (Abyss:3)
  169 plants
203 creatures vanquished.

Grand Total: 1689 creatures vanquished

Notes
Turn   | Place    | Note
-------+----------+-------------------------------------------
     0 | D:1      | NerdRage255 the Minotaur Berserker began the quest for the
                  | Orb.
     0 | D:1      | Reached XP level 1. HP: 19/19 MP: 0/0
    30 | D:1      | Found a faded altar of an unknown god.
    31 | D:1      | Noticed an eye of devastation
    33 | D:1      | Noticed a shining eye
    33 | D:1      | Noticed a great orb of eyes
    33 | D:1      | Noticed a floating eye
   193 | D:1      | Reached XP level 2. HP: 27/27 MP: 1/1
   495 | D:1      | Reached skill level 4 in Fighting
   836 | D:1      | Reached XP level 3. HP: 33/33 MP: 2/2
  1021 | D:2      | Identified the +10 hand axe of the Keeping Gods {holy, rN+
                  | Dex+3}
  1252 | D:2      | Reached XP level 4. HP: 41/41 MP: 3/3
  1269 | D:2      | Reached ** piety under Trog
  1439 | D:2      | Found the +3 hat of Pondering {ponderous, Will+ MP+10
                  | Int+5}
  2040 | D:3      | Reached XP level 5. HP: 47/47 MP: 4/4
  2263 | D:3      | Found Ismuagy's Assorted Antiques.
  2390 | D:3      | Reached skill level 5 in Fighting
  2390 | D:3      | Reached skill level 5 in Axes
  2390 | D:3      | Reached XP level 6. HP: 56/56 MP: 5/5
  3181 | D:4      | Found a staircase to the Ecumenical Temple.
  3293 | D:4      | Found Vuak's Armour Boutique.
  3367 | D:4      | Found a sparkling altar of Nemelex Xobeh.
  3371 | D:4      | Found an iron altar of Okawaru.
  3372 | D:4      | Found a stormy altar of Qazlal.
  3373 | D:4      | Found a snail-covered altar of Cheibriados.
  3577 | D:5      | Entered Level 5 of the Dungeon
  3580 | D:5      | Reached XP level 7. HP: 62/62 MP: 6/6
  3587 | D:5      | Reached skill level 5 in Armour
  3614 | D:5      | Reached skill level 6 in Fighting
  3778 | D:5      | Identified the +10 war axe of Lish {spect, rElec rF+ Int+2}
  4450 | D:6      | Noticed Sigmund
  4457 | D:6      | Killed Sigmund
  4458 | D:6      | Reached skill level 5 in Dodging
  4835 | D:6      | Noticed a gargoyle
  4840 | D:6      | Killed a gargoyle
  4841 | D:6      | Reached skill level 7 in Fighting
  4841 | D:6      | Reached XP level 8. HP: 73/73 MP: 7/7
  5153 | D:6      | Reached *** piety under Trog
  5274 | D:6      | Noticed Dowan
  5278 | D:6      | Noticed Duvessa
  5279 | D:6      | Killed Dowan
  5280 | D:6      | Reached XP level 9. HP: 81/81 MP: 8/8
  5283 | D:6      | Killed Duvessa
  5284 | D:6      | Reached skill level 8 in Fighting
  6612 | D:7      | Reached skill level 9 in Fighting
  6841 | D:7      | Reached **** piety under Trog
  7460 | D:8      | Reached XP level 10. HP: 75/91 MP: 9/9
  7699 | D:8      | Found a shadowy altar of Dithmenos.
  7795 | D:8      | Noticed Amaemon
  7795 | D:8      | Noticed an orange demon
  7805 | D:8      | Killed Amaemon
  7806 | D:8      | Reached skill level 1 in Evocations
  7809 | D:8      | Killed an orange demon
  7810 | D:8      | Reached skill level 10 in Axes
  9015 | D:9      | Reached skill level 10 in Fighting
  9049 | D:9      | Found a flagged portal.
  9060 | Bailey   | Entered a bailey
  9161 | Bailey   | Reached skill level 10 in Armour
  9175 | Bailey   | Noticed Prince Ribbit
  9190 | Bailey   | Killed Prince Ribbit
  9191 | Bailey   | Reached XP level 11. HP: 90/101 MP: 10/10
  9205 | Bailey   | Noticed a vault guard
  9219 | Bailey   | Killed a vault guard
  9293 | Bailey   | Noticed a vault guard
  9296 | Bailey   | Killed a vault guard
  9354 | D:9      | Found Womueg's General Store.
  9355 | D:9      | Reached ***** piety under Trog
  9379 | D:9      | Bought a potion of invisibility for 120 gold pieces
  9429 | D:9      | Found Usaprea's One-of-a-Kind Rings.
  9482 | D:9      | Found a staircase to the Lair.
  9496 | D:9      | Reached skill level 11 in Fighting
  9641 | D:9      | Found Fopilum's Book Boutique.
  9988 | D:10     | Entered Level 10 of the Dungeon
 10011 | D:10     | Reached skill level 10 in Dodging
 10169 | D:10     | Found a runed translucent door.
 10202 | D:10     | Noticed a two-headed ogre
 10205 | D:10     | Killed a two-headed ogre
 10227 | D:10     | Noticed a two-headed ogre
 10254 | D:10     | Killed a two-headed ogre
 10468 | D:10     | Noticed a two-headed ogre
 10473 | D:10     | Killed a two-headed ogre
 10771 | D:10     | Found a staircase to the Orcish Mines.
 10774 | D:10     | Reached skill level 5 in Evocations
 10796 | D:10     | Reached XP level 12. HP: 55/112 MP: 11/11
 11484 | D:11     | Reached skill level 12 in Fighting
 11501 | D:11     | Reached skill level 1 in Shields
 11503 | D:11     | Identified the +7 trident of Somewhere Else {freeze, rF+
                  | rC+ Str-5 Int+7}
 11639 | D:11     | Found Xyselad's Magic Scroll Boutique.
 11697 | D:11     | Identified the +3 triple crossbow of the Spectre {elec,
                  | +Blink rPois rF++ Will-}
 11778 | D:11     | Identified the +8 scale mail "Sevees" {Rampage rPois rC-
                  | Will+++}
 11824 | D:11     | Noticed a seven-headed hydra
 11835 | D:11     | Killed a seven-headed hydra
 11948 | D:11     | Noticed a boulder beetle
 11958 | D:11     | Killed a boulder beetle
 12035 | D:11     | Noticed Gastronok
 12043 | D:11     | Killed Gastronok
 12251 | Lair:1   | Entered Level 1 of the Lair of Beasts
 12334 | Lair:1   | Noticed a boulder beetle
 12366 | Lair:1   | Killed a boulder beetle
 12778 | Lair:1   | Received a gift from Trog
 13067 | Lair:1   | Reached skill level 13 in Fighting
 13677 | Lair:2   | Found a staircase to the Shoals.
 13718 | Lair:2   | Noticed Harold
 13725 | Lair:2   | Killed Harold
 13756 | Lair:2   | Noticed a seven-headed hydra
 13766 | Lair:2   | Killed a seven-headed hydra
 13767 | Lair:2   | Reached XP level 13. HP: 110/122 MP: 12/12
 14546 | Lair:3   | Found a gate leading to a gauntlet.
 14555 | Gauntlet | Entered a Gauntlet
 14555 | Gauntlet | Found a transporter.
 14563 | Gauntlet | Found a transporter.
 14564 | Gauntlet | Found a transporter.
 14579 | Gauntlet | Found a transporter.
 14581 | Gauntlet | Found a transporter.
 14595 | Gauntlet | Found a transporter.
 14609 | Gauntlet | Found a transporter.
 14622 | Gauntlet | Found a transporter.
 14629 | Gauntlet | Found a transporter.
 14645 | Gauntlet | Found a transporter.
 14647 | Gauntlet | Found a transporter.
 14649 | Gauntlet | Found a transporter.
 14693 | Gauntlet | Found a transporter.
 14717 | Gauntlet | Found a transporter.
 15197 | Gauntlet | Identified the +2 cloak of Plasticity {*Slow rN+ Str+6
                  | SInv}
 15389 | Gauntlet | Noticed a minotaur
 15394 | Gauntlet | Killed a minotaur
 15589 | Lair:3   | Reached skill level 5 in Shields
 15646 | Lair:3   | Reached skill level 14 in Fighting
 15650 | Lair:3   | Received a gift from Trog
 15651 | Lair:3   | Found a hole to the Spider Nest.
 16914 | Lair:4   | Noticed Josephine
 17741 | Lair:4   | Killed Josephine
 17904 | Lair:4   | Identified the +8 falchion "Fucy" {venom, rPois rF+ Int+3}
 18059 | Lair:4   | Found a runed translucent door.
 18179 | Lair:4   | Reached XP level 14. HP: 102/133 MP: 13/13
 18574 | Lair:4   | Found a staircase to the Slime Pits.
 18662 | Lair:4   | Noticed Kirke
 18672 | Lair:4   | Killed Kirke
 18907 | Lair:5   | Entered Level 5 of the Lair of Beasts
 18914 | Lair:4   | Reached skill level 15 in Axes
 19011 | Lair:4   | Reached skill level 15 in Fighting
 20140 | Lair:5   | Received a gift from Trog
 20547 | Lair:5   | Reached skill level 16 in Fighting
 20839 | Shoals:1 | Entered Level 1 of the Shoals
 21041 | Shoals:1 | Reached XP level 15. HP: 77/144 MP: 14/14
 22033 | Shoals:1 | Found a hide-covered altar of Uskayaw.
 22505 | Shoals:1 | Found Unness's Distillery.
 22513 | Shoals:1 | Bought a potion of resistance for 160 gold pieces
 22513 | Shoals:1 | Bought a potion of heal wounds for 80 gold pieces
 22513 | Shoals:1 | Bought a potion of heal wounds for 80 gold pieces
 23067 | Shoals:2 | Noticed Aizul
 23524 | Abyss:3  | Cast into level 3 of the Abyss (merfolk impaler)
 23723 | Abyss:3  | Received a gift from Trog
 23732 | Abyss:3  | Identified the +2 tower shield of the Salmon {Str+8 Slay+3}
 23732 | Abyss:3  | Noticed a daeva
 23745 | Abyss:3  | Killed a daeva
 23784 | Abyss:3  | Found a transporter.
 23785 | Abyss:3  | Got an abyssal rune of Zot
 23822 | Abyss:3  | Found a transporter.
 23827 | Abyss:3  | Noticed a black draconian knight
 23844 | Shoals:1 | Escaped the Abyss
 23850 | Shoals:1 | HP: 3/146 [merfolk impaler/+2 trident of distortion (25)]
 24165 | Shoals:1 | Reached skill level 17 in Fighting
 24195 | Shoals:1 | Killed Aizul
 25573 | Shoals:3 | Noticed Polyphemus
 25587 | Shoals:3 | Killed Polyphemus
 25590 | Shoals:3 | Found Covuich's Antique Weapon Shoppe.
 25608 | Shoals:3 | Reached XP level 16. HP: 110/155 MP: 15/15
 25965 | Shoals:3 | Noticed Donald
 25979 | Shoals:3 | Killed Donald
 26306 | Shoals:3 | Found Somil's General Store.
 26314 | Shoals:3 | Bought a +0 pair of gloves of hurling for 184 gold pieces
 26661 | Shoals:4 | Entered Level 4 of the Shoals
 27038 | Shoals:4 | Received a gift from Trog
 27481 | Shoals:4 | Identified the +6 broad axe of Ronuskuit {freeze, Will+}
 27481 | Shoals:4 | Identified the ring "Wuyrairu" {Contam rN++ Will+ Dex+4}
 27625 | Shoals:4 | Noticed a storm dragon
 27633 | Shoals:4 | Killed a storm dragon
 27642 | Shoals:4 | Reached skill level 18 in Fighting
 27725 | Shoals:4 | Identified the +7 rapier of Duutesei {antimagic, rC+ Str+8
                  | Dex-5}
 27734 | Shoals:4 | Reached skill level 15 in Armour
 27798 | Shoals:4 | Got a barnacled rune of Zot
 28041 | Shoals:4 | Reached skill level 10 in Shields
 29057 | Shoals:4 | Paralysed by an air elemental for 1 turns
 29060 | Shoals:4 | Paralysed by an air elemental for 1 turns
 29526 | Shoals:1 | Bought a potion of flight for 48 gold pieces
 29526 | Shoals:1 | Bought a potion of curing for 48 gold pieces
 29526 | Shoals:1 | Bought a potion of curing for 48 gold pieces
 30047 | Spider:1 | Entered Level 1 of the Spider Nest
 31347 | Spider:2 | Reached XP level 17. HP: 143/166 MP: 16/16
 31479 | Spider:2 | Noticed Arachne
 31485 | Spider:2 | Killed Arachne
 31746 | Spider:2 | Received a gift from Trog
 31835 | Spider:2 | You fall into a shaft and drop 1 floor!
 31998 | Spider:3 | Reached skill level 19 in Fighting
 32020 | Spider:3 | Noticed Nikola
 32031 | Spider:3 | Killed Nikola
 32032 | Spider:3 | Reached skill level 10 in Evocations
 32469 | Spider:3 | Identified 3 scrolls of acquirement
 32473 | Spider:3 | Identified the +1 chain mail of the Blacksmith {rF+}
 32485 | Spider:3 | Acquired the +2 pair of gloves "Hyrgh" {Will+ rCorr}
 32505 | Spider:3 | Acquired the amulet of Xirph {Spirit MP+9 Slay+2}
 32519 | Spider:3 | Acquired a manual of Dodging
 33094 | Spider:4 | Entered Level 4 of the Spider Nest
 33817 | Spider:4 | Noticed Asterion
 33823 | Spider:4 | Killed Asterion
 33956 | Spider:4 | Received a gift from Trog
 34045 | Spider:4 | Reached skill level 15 in Dodging
 34912 | Spider:4 | Reached XP level 18. HP: 139/178 MP: 0/17
 35201 | Spider:4 | Got a gossamer rune of Zot
 35831 | D:12     | Reached skill level 20 in Fighting
 35865 | D:12     | Received a gift from Trog
 36039 | D:12     | Identified the +0 leather armour "Qux Laas" {Harm rC+ rN+
                  | Slay-2}
 36505 | D:13     | Found a gate to the Vaults.
 36646 | D:13     | Found a radiant altar of Vehumet.
 37616 | D:14     | Found a frozen archway.
 37636 | IceCv    | Entered an ice cave
 37915 | IceCv    | Received a gift from Trog
 39268 | D:15     | Entered Level 15 of the Dungeon
 39343 | D:15     | Noticed Rupert
 39355 | D:15     | Killed Rupert
 39369 | D:15     | Noticed Jorgrun
 39374 | D:15     | Killed Jorgrun
 40155 | D:15     | Noticed Agnes
 40162 | D:15     | Killed Agnes
 40331 | D:15     | Found a staircase to the Depths.
 40354 | Depths:1 | Entered Level 1 of the Depths
 40955 | Depths:1 | Reached XP level 19. HP: 188/188 MP: 18/18
 40960 | Depths:1 | Reached skill level 21 in Fighting
 41655 | Depths:1 | Found a one-way gate to the infinite horrors of the Abyss.
 41724 | Depths:1 | Reached ****** piety under Trog
 42011 | Depths:1 | Found a gateway to Hell.
 42143 | Depths:1 | Found a basalt altar of Yredelemnul.
 42152 | Depths:1 | Received a gift from Trog
 42446 | Depths:2 | Found a one-way gate leading to the halls of Pandemonium.
 43042 | Depths:2 | Found an ornate altar of the Wu Jian Council.
 43480 | Depths:3 | Found an opulent altar of Gozag.
 44132 | Depths:3 | Noticed a juggernaut
 44149 | Depths:3 | Killed a juggernaut
 44313 | Depths:3 | Noticed a golden dragon
 44327 | Depths:3 | Killed a golden dragon
 44951 | Depths:4 | Entered Level 4 of the Depths
 45038 | Depths:3 | Reached skill level 22 in Fighting
 45056 | Depths:4 | Received a gift from Trog
 45085 | Depths:4 | Found a stormy altar of Qazlal.
 45148 | Depths:4 | Reached XP level 20. HP: 183/200 MP: 19/19
 45561 | Depths:4 | Noticed a golden dragon
 45566 | Depths:4 | Found a gate to the Realm of Zot.
 45566 | Depths:4 | Noticed a bone dragon
 45569 | Depths:4 | Killed a golden dragon
 45594 | Depths:3 | Killed a bone dragon
 47726 | Depths:4 | Found a one-way gateway to a ziggurat.
 47903 | Depths:4 | Found a blossoming altar of Fedhas.
 48023 | Zot:1    | Entered Level 1 of the Realm of Zot
 48332 | Zot:1    | Received a gift from Trog
 49358 | Zot:1    | Noticed a golden dragon
 49372 | Zot:1    | Killed a golden dragon
 49418 | Zot:1    | Reached skill level 23 in Fighting
 49684 | Zot:1    | Identified the +3 falchion of the Breathing Oracle {holy,
                  | rPois Str+7 Dex+5}
 49911 | Zot:2    | Reached XP level 21. HP: 176/211 MP: 20/20
 50421 | Zot:2    | Noticed a golden dragon
 50469 | Zot:2    | Killed a golden dragon
 50470 | Zot:2    | Reached skill level 15 in Shields
 52077 | Zot:3    | Noticed a curse toe
 52080 | Zot:3    | Identified the +6 hand axe of Trog's Supremacy {vorpal,
                  | Fragile rN++ Dex+7} (Trog gifted it to you on level 3 of
                  | the Realm of Zot)
 52080 | Zot:3    | Received a gift from Trog
 52459 | Zot:3    | Killed a curse toe
 53116 | Zot:3    | Noticed an orb of fire
 53122 | Zot:3    | Gained mutation: You are weak. (Str -2) [an orb of fire]
 53126 | Zot:3    | Gained mutation: You are frail. (-10% HP) [an orb of fire]
 53133 | Zot:3    | Killed an orb of fire
 53141 | Zot:3    | Noticed an orb of fire
 53259 | Zot:4    | Gained mutation: You are clumsy. (Dex -2) [an orb of fire]
 53265 | Zot:4    | Killed an orb of fire
 53777 | Zot:3    | Noticed a golden dragon
 53787 | Zot:3    | Killed a golden dragon
 54165 | Zot:4    | Noticed a golden dragon
 54171 | Zot:4    | Killed a golden dragon
 54443 | Zot:4    | Noticed an orb of fire
 54445 | Zot:4    | Gained mutation: You are very frail. (-20% HP) [an orb of
                  | fire]
 54446 | Zot:4    | Lost mutation: You are clumsy. (Dex -2) [an orb of fire]
 54448 | Zot:4    | Gained mutation: Your spells are a little easier to cast,
                  | but a little less powerful. [an orb of fire]
 54806 | Zot:3    | Killed an orb of fire
 55840 | Zot:5    | Entered Level 5 of the Realm of Zot
 55866 | Zot:5    | Noticed a curse toe
 56402 | Zot:4    | Killed a curse toe
 56545 | Zot:5    | Reached XP level 22. HP: 165/176 MP: 21/21
 57262 | Zot:5    | Noticed an ancient lich
 57266 | Zot:5    | Noticed an orb of fire
 57267 | Zot:5    | Noticed an orb of fire
 57268 | Zot:5    | Noticed an orb of fire
 57271 | Zot:5    | Killed an ancient lich
 57273 | Zot:5    | Noticed a dread lich
 57273 | Zot:5    | Noticed a golden dragon
 57274 | Zot:5    | Gained mutation: You sometimes lose your temper in combat.
                  | [an orb of fire]
 57275 | Zot:5    | Noticed a Killer Klown
 57275 | Zot:5    | Gained mutation: Your magical capacity is low. (-10% MP)
                  | [an orb of fire]
 57280 | Zot:5    | Noticed an orb of fire
 57282 | Zot:5    | Killed an orb of fire
 57283 | Zot:5    | Noticed a Killer Klown
 57284 | Zot:5    | Noticed a Killer Klown
 57286 | Zot:5    | Gained mutation: You are extremely frail. (-30% HP) [an orb
                  | of fire]
 57289 | Zot:5    | Noticed an ancient lich
 57290 | Zot:5    | Killed an orb of fire
 57292 | Zot:5    | Noticed an orb of fire
 57292 | Zot:5    | Noticed an ancient lich
 57293 | Zot:5    | Killed an orb of fire
 57294 | Zot:5    | Killed a golden dragon
 57294 | Zot:5    | Gained mutation: You occasionally lose the ability to read
                  | scrolls when taking damage. [an orb of fire]
 57294 | Zot:5    | Noticed a Killer Klown
 57294 | Zot:5    | Gained mutation: Your spells are easier to cast, but less
                  | powerful. [an orb of fire]
 57295 | Zot:5    | Killed a Killer Klown
 57297 | Zot:5    | Killed an orb of fire
 57297 | Zot:5    | Noticed a dread lich
 57298 | Zot:5    | Reached skill level 24 in Fighting
 57298 | Zot:5    | Gained mutation: You occasionally lose the ability to drink
                  | potions when taking damage. [an orb of fire]
 57316 | Zot:4    | HP: 1/153 [orb of fire/bolt of fire (15)]
 57320 | Zot:4    | Killed from afar by an orb of fire

Illustrated notes

Levels and vault maps discovered:
D:1:      dpeg_arrival_pits, layout_loops_corners,
          hellmonk_ecumenical_altar_watching_god
D:2:      layout_basic, serial_bayou_crossing
D:3:      layout_basic, serial_shops, shop_statue
D:4:      layout_cave_pods, mainiacjoe_overflow_alcove_3,
          minmay_temple_entry_large_hall, serial_shops, nicolae_shop_trees
D:5:      layout_basic, serial_curves, eino_curves_04, eino_curves_02
D:6:      cheibrodos_barr_body, layout_layer_cave, uniq_sigmund, uniq_duvessa
D:7:      minmay_polygon_palace, layout_layer_cave, minmay_misc_feat_enclosed,
          roderic_roman_lattice
D:8:      layout_cave_pools, nicolae_dithmenos_through_a_glass_darkly,
          serial_bayou_pond_a, uniq_amaemon
D:9:      layout_cave_pools, erik_lair_orcish_takeover, enter_bailey_2,
          serial_gnoll_camp, gnoll_camp_mini_shop, gnoll_camp_mini_doghouse,
          gnoll_camp_mini_sergeant, gnoll_camp_mini_shop,
          nicolae_shop_unique_rings, water_maze_lemuel
D:10:     layout_roguey, kennysheep_orc_monster_closet_entryway,
          minmay_st_funbox, minmay_misc_feat_chi
D:11:     layout_loops_ring, serial_shops, nicolae_shop_hallway_plus,
          uniq_gastronok
D:12:     layout_gridville, palyth_stone_intersect
D:13:     layout_roguey [special_room_bee], ximxim_vaults_locker_room,
          vehumet_statue
D:14:     layout_basic, portal_ice_cave_entry_ice_simulacra
D:15:     grunt_enter_depths_magical_seal, layout_long_grid, uniq_agnes,
          uniq_jorgrun, uniq_rupert
Lair:1:   layout_cave_pods, grunt_megastairs_4
Lair:2:   layout_hall_layers, minmay_shoals_entry_centaurs,
          serial_bayou_shore_a, lemuel_fruit_tree, uniq_harold
Lair:3:   layout_hall_layers, spider_nest_entry_web_field,
          gauntlet_entry_generic, beast_lair_carwin_4
Lair:4:   layout_regular_city, slime_entry_2, uniq_josephine, uniq_kirke
Lair:5:   hangedman_lair_tendril_chambers, layout_gridlike,
          nicolae_lair_yak_garden
Shoals:1: layout_shoals, serial_shops, nicolae_shop_advertising_works
          [nicolae_subvault_shop_adworks], regret_index_shoals_crete
Shoals:2: layout_shoals, uniq_aizul
Shoals:3: layout_shoals, serial_shops, nicolae_take_the_stairs,
          nicolae_lakefront_shop, uniq_polyphemus, uniq_donald
Shoals:4: shoals_end_hellmonk_storm_palace [storm_palace_center_ruins,
          storm_palace_corner_narrow, storm_palace_corner_grid,
          storm_palace_corner_grid, storm_palace_corner_reverse_hut]
Spider:1: layout_chambers
Spider:2: layout_spider_delve, hangedman_spider_tarantella_strand, uniq_arachne
Spider:3: layout_spider_delve, nicolae_spider_claw_tunnel, uniq_nikola
Spider:4: spider_rune_water, hellmonk_narrow_tunnel, uniq_asterion
Depths:1: layout_gridlike, serial_curves, eino_curves_01, eino_curves_02,
          hellmouth_2, serial_bayou_pond_a, abyss_entry,
          yredelemnul_forgotten_temple_becter
Depths:2: nicolae_BIG_FREAKIN_CUBE, layout_cave_pools, pan_entry,
          nicolae_wu_jian_immortal_techniques, grunt_hell_entry_dis_old,
          minmay_starry_boxes
Depths:3: minmay_inside_and_out, layout_cave_shapes, pf_hell_entry_tar_spiral,
          hangedman_abyss_entry_splay, nicolae_gozag_seed_capital,
          serial_bayou_shore_b
Depths:4: grunt_crosshair, layout_cave_shapes, enter_ziggurat_e, hell_entry,
          nicolae_qazlal_general_emergency, chequers_decorated_corner,
          fedhas_altar_4
Zot:1:    layout_misc_corridors
Zot:2:    lemuel_draconian_sentries_small, layout_gridville
Zot:3:    dreamdust_black_sun_cult, layout_twisted_circle,
          st_single_dragon_hoard_1
Zot:4:    layout_concentric_octagons, skrybe_zot_glass_2
Zot:5:    layout_misc_corridors, st_stairs_12, grunt_ministairs_11,
          bh_zot_levy_curve, bh_zot_ikea_curve

Skill      XL: |  1  2  3  4  5  6  7  8  9 10 11 12 13 14 15 16 17 18 19 20 21 22 |
---------------+-------------------------------------------------------------------+-----
Axes           | 4 5 7 9 10 11 13 14 16 17 18 19 21 22 23 | 23.1
Fighting       | 4 5 7 9 10 11 13 14 16 17 18 19 20 22 23 24 | 24.0
Armour         | 3 4 6 7 8 10 11 12 13 14 15 16 17 18 19 20 | 20.2
Dodging        | 3 4 5 6 8 9 10 11 12 13 14 15 16 17 18 20 | 20.8
Evocations     | 3 5 6 7 8 9 10 11 12 13 | 13.5
Shields        | 4 6 7 9 10 11 12 13 14 16 17 | 17.2

Action                   |  1- 3 |  4- 6 |  7- 9 | 10-12 | 13-15 | 16-18 | 19-21 | 22-24 || total
-------------------------+-------+-------+-------+-------+-------+-------+-------+-------++-------
Melee: Hand axe          |    62 |    70 |     9 |       |       |       |       |       ||   141
       Headbutt          |     9 |    11 |    13 |    74 |   152 |   268 |   304 |    21 ||   852
       Punch             |     1 |       |     1 |     1 |       |       |       |       ||     3
       War axe           |       |       |    97 |   333 |   584 |   979 |   973 |    92 ||  3058
       Flail             |       |       |       |    11 |     5 |       |       |       ||    16
 Fire: Sling             |       |       |       |       |     8 |       |       |       ||     8
Invok: Berserk           |       |     1 |     3 |     4 |     3 |     3 |     6 |     2 ||    22
       Trog's Hand       |       |       |     2 |       |     5 |     4 |     4 |     1 ||    16
       Brothers in Arms  |       |       |       |       |     3 |    12 |     8 |     2 ||    25
Evoke: Wand              |       |       |       |       |     3 |     7 |     2 |       ||    12
  Use: Scroll            |       |       |       |    27 |    10 |     5 |     4 |     2 ||    48
       Potion            |       |       |       |       |    12 |     3 |     5 |     1 ||    21
 Stab: Distracted        |       |     1 |       |     1 |    17 |    24 |    22 |     1 ||    66
       Petrified         |       |       |       |       |     6 |       |       |       ||     6
Armor: Animal skin       |     8 |     6 |       |       |       |       |       |       ||    14
       Leather armour    |       |     8 |     6 |       |       |       |       |       ||    14
       Acid dragon scale |       |       |    28 |     5 |       |       |       |       ||    33
       Plate armour      |       |       |       |   125 |   166 |   279 |   161 |       ||   731
       Gold dragon scale |       |       |       |       |       |       |   212 |    38 ||   250
Dodge: Dodged            |    35 |    48 |    57 |   123 |   172 |   307 |   387 |    30 ||  1159
Block: Other             |       |       |    22 |    40 |       |       |       |       ||    62
       Reflection        |       |       |     3 |     5 |    29 |    14 |       |       ||    51
       Kite shield       |       |       |       |   100 |   299 |       |       |       ||   399
       Tower shield      |       |       |       |       |    86 |   878 |   798 |    78 ||  1840
